 Dungeon Crawl Stone Soup version 0.30.1-11-g7821555f0a (webtiles) character file.

Game seed: 17515486462665820248

1281 chitownmike the Covered (level 8, 0/61 HPs)
             Began as a Demonspawn Berserker on Nov 17, 2023.
             Was an Elder of Trog.
             Slain by a gnoll
             ... wielding a +0 halberd
             ... led by a gnoll bouda
              (7 damage)
             ... on level 5 of the Dungeon on Dec 5, 2023.
             The game lasted 01:21:14 (4958 turns).

chitownmike the Covered (Demonspawn Berserker)      Turns: 4958, Time: 01:21:18

Health: 0/61       AC:  5    Str: 23    XL:     8   Next: 29%
Magic:  8/8        EV: 15    Int:  9    God:    Trog [****..]
Gold:   212        SH:  0    Dex: 13    Spells: 7/7 levels left

rFire   . . .        F - +2 hand axe (heavy)
rCold   . . .        (no shield)
rNeg    . . .        k - +0 ring mail
rPois   .            (helmet restricted)
rElec   .            (no cloak)
rCorr   .            B - +0 pair of gloves
SInv    .            (no boots)
Will    .....        u - amulet of regeneration
Stlth   +            z - +6 ring of strength
HPRegen 1.90/turn    (no ring)
MPRegen 0.11/turn

%: no passive effects
@: weakened
A: horns 2, repulsion field 2, spiny 1, deformed body, regeneration 1, weak 1,
evolution 1
a: Renounce Religion, Berserk, Trog's Hand, Brothers in Arms


You were on level 5 of the Dungeon.
You worshipped Trog.
Trog was greatly pleased with you.
You visited 2 branches of the dungeon, and saw 7 of its levels.

You collected 212 gold pieces.

Inventory:

Hand Weapons
 a - a +0 falchion
 d - a +1 short sword of speed
 f - a +1 dagger of flaming
 g - the +5 dagger "Trog's Righteous Fury" {pain, rC++}
   (You found it on level 3 of the Dungeon)

   rC:        It greatly protects you from cold.
   Trog disapproves of the use of such an item.
 j - a +0 short sword
 r - a +0 trident
 A - a +0 hand axe of holy wrath
 C - a +0 halberd
 D - a +0 giant spiked club
 F - a +2 heavy hand axe (weapon)
 G - a +1 short sword of venom
 I - a +0 quarterstaff
Missiles
 h - 13 poisoned darts
 s - 9 boomerangs (quivered)
 E - 10 stones
Armour
 k - a +0 ring mail (worn)
 l - a +0 ring mail
 m - a +0 ring mail
 B - a +0 pair of gloves (worn)
 J - a +0 helmet
Jewellery
 b - an amulet of guardian spirit
 p - a ring of magical power
 u - an amulet of regeneration (around neck)
 w - an amulet of faith
 y - an amulet of regeneration
 z - a +6 ring of strength (left hand)
Wands
 q - a wand of paralysis (5)
Scrolls
 n - a scroll of silence {unknown}
 o - a scroll of fear {unknown}
 v - 2 scrolls of poison
Potions
 c - a potion of curing
 e - a potion of mutation
 i - a potion of magic
 t - a potion of invisibility
 x - a potion of lignification
 H - a potion of haste {unknown}


   Skills:
 + Level 4.8 Fighting
 + Level 3.7(4.4) Short Blades
 + Level 3.6(4.4) Long Blades
 + Level 0.5 Axes
 + Level 2.2 Throwing
 + Level 5.7 Armour
 + Level 3.6 Dodging
 + Level 1.1 Stealth
 + Level 0.1 Evocations


You had 7 spell levels left.
You didn't know any spells.
Your spell library contained the following spells:

 Spells                   Type           Power      Damage    Failure   Level
 Necrotise                Necr           0%         1d4       52%         1
 Summon Small Mammal      Summ           0%         N/A       52%         1
 Call Imp                 Summ           0%         N/A       67%         2
 Cigotuvi's Dreadful Rot  Necr/Pois/Air  0%         N/A       67%         2
 Poisonous Vapours        Pois/Air       0%         N/A       67%         2
 Sublimation of Blood     Necr           0%         N/A       67%         2
 Call Canine Familiar     Summ           0%         N/A       88%         3
 Ignite Poison            Fire/Tmut/Pois 0%         N/A       88%         3
 Mephitic Cloud           Conj/Pois/Air  0%         N/A       88%         3
 Portal Projectile        Hex/Tloc       0%         N/A       88%         3
 Summon Guardian Golem    Hex/Summ       0%         N/A       88%         3
 Vampiric Draining        Necr           0%         2d6       88%         3
 Leda's Liquefaction      Hex/Erth       0%         N/A       99%         4
 Petrify                  Tmut/Erth      0%         N/A       99%         4
 Agony                    Necr           0%         N/A       100%        5
 Freezing Cloud           Conj/Ice/Air   0%         6-21      100%        5
 Irradiate                Conj/Tmut      0%         3d11      100%        5


Dungeon Overview and Level Annotations

Branches:
Dungeon (6/15)             Temple (1/1) D:4

Altars:
Ashenzari
Dithmenos
Fedhas
Hepliaklqana
Kikubaaqudgha
Nemelex Xobeh
Okawaru
Qazlal
Ru
Sif Muna
Trog
Uskayaw
Wu Jian
Xom
Yredelemnul


Innate Abilities, Weirdness & Mutations

You have a pair of horns on your head.
You are surrounded by a moderate repulsion field. (EV +3)
You are partially covered in sharp spines.
Armour fits poorly on your strangely shaped body.
Your natural rate of healing is unusually fast.
You are weak. (Str -2)
You have hidden genetic potential.


Message History

You feel as though you will be weak longer.
The gnoll bouda misses you. The gnoll hits you but does no damage.
The gnoll misses you. The gnoll barely misses you.
The gnoll bouda hits you with a +0 hand axe.
You hit the gnoll bouda but do no damage.
You headbutt the gnoll bouda, but do no damage.
The gnoll bouda is moderately wounded.
You barely miss the gnoll. You hit the gnoll.
The gnoll is no longer moving quickly. x2; The gnoll barely misses you.
The gnoll closely misses you. The gnoll misses you.
The gnoll bouda hits you but does no damage.
The gnoll drinks a potion.
The gnoll is healed!
The gnoll hits you with a +0 flail. The gnoll closely misses you.
The gnoll bouda gazes fiercely through you!
You feel as though you will be weak longer.
The gnoll bouda hits you with a +0 hand axe.
You slash the gnoll bouda!
The gnoll bouda is severely wounded.
You closely miss the gnoll. You barely miss the gnoll.
The gnoll is no longer moving quickly.
The gnoll misses you. The gnoll is struck by your spines.
The gnoll hits you with a +0 flail. The gnoll closely misses you.
The gnoll bouda hits you with a +0 hand axe!
The gnoll barely misses you. The gnoll is struck by your spines.
The gnoll hits you with a +0 flail!
The gnoll hits you from afar with a +0 halberd.
The gnoll bouda misses you.
You barely miss the gnoll. You closely miss the gnoll.
You barely miss the gnoll bouda.
The gnoll is no longer moving quickly.
The gnoll misses you. The gnoll hits you with a +0 flail!
The gnoll hits you from afar with a +0 halberd!
* * * LOW HITPOINT WARNING * * *
The gnoll bouda is struck by your spines.
The gnoll bouda hits you with a +0 hand axe!
* * * LOW HITPOINT WARNING * * *
The gnoll hits you with a +0 club.
* * * LOW HITPOINT WARNING * * *
The gnoll is struck by your spines. The gnoll barely misses you.
The gnoll hits you from afar with a +0 halberd!
You die...

............ ......#
##......##.. ......#
.).........# .......
####....##..#####.......
.##....###....##........
.##....###.....#g.......
........#.....##lg.....#
.......<.......gg#.....#
...............g@####.##
....##...........>###
#.......##............
#.......##...#.........
.........#..............
........................
...#....#...............
...#...###..............
.#.....####....###......


You could see a gnoll bouda, an iguana and 4 gnolls.

Vanquished Creatures
  2 black bears
  An ice beast (D:5)
  An ogre (D:3)
  A phantom (D:5)
  A scorpion (D:4)
  2 howler monkeys
  2 hounds
  4 orc priests
  An iguana (D:4)
  Natasha (twice) (D:3)
  3 orc wizards
  A scorpion simulacrum (D:3)
  An adder (D:3)
  15 gnolls
  2 shadow imps
  A white imp (D:5)
  2 adder zombies (D:3)
  An adder skeleton (D:3)
  2 worms (D:2)
  5 dart slugs
  28 orcs
  4 bats
  8 endoplasms
  5 giant cockroaches
  11 goblins
  5 hobgoblins
  19 jackals
  6 kobolds
  3 quokkas (D:3)
  10 ball pythons
  6 frilled lizards
  A quokka skeleton (D:3)
  3 rats
159 creatures vanquished.

Vanquished Creatures (others)
  A jackal skeleton (D:3)
1 creature vanquished.

Grand Total: 160 creatures vanquished

Notes
Turn   | Place    | Note
-------+----------+-------------------------------------------
     0 | D:1      | chitownmike the Demonspawn Berserker began the quest for
                  | the Orb.
     0 | D:1      | Reached XP level 1. HP: 18/18 MP: 1/1
   220 | D:1      | Found a faded altar of an unknown god.
   318 | D:1      | Gained mutation: You are partially covered in sharp spines.
                  | [demonic ancestry]
   318 | D:1      | Reached XP level 2. HP: 20/24 MP: 2/2
   753 | D:1      | Reached skill level 2 in Armour
   779 | D:1      | Gained mutation: You have a pair of small horns on your
                  | head. [demonic ancestry]
   779 | D:1      | Reached XP level 3. HP: 24/29 MP: 3/3
  1192 | D:2      | Reached ** piety under Trog
  1313 | D:2      | Got the Anthology of the Allied Dose
  2023 | D:3      | Gained mutation: You have a pair of horns on your head.
                  | [demonic ancestry]
  2023 | D:3      | Reached XP level 4. HP: 20/35 MP: 4/4
  2213 | D:3      | Reached skill level 1 in Short Blades
  2248 | D:3      | Gained mutation: You are surrounded by a mild repulsion
                  | field. (EV +2) [demonic ancestry]
  2248 | D:3      | Reached XP level 5. HP: 39/42 MP: 5/5
  2657 | D:3      | Reached skill level 3 in Armour
  2695 | D:3      | Noticed an ogre
  2708 | D:3      | Killed an ogre
  2709 | D:3      | Gained mutation: You are surrounded by a moderate repulsion
                  | field. (EV +3) [demonic ancestry]
  2709 | D:3      | Reached XP level 6. HP: 44/48 MP: 6/6
  2809 | D:3      | Reached *** piety under Trog
  3407 | D:3      | Found a hide-covered altar of Uskayaw.
  3625 | D:3      | Noticed Natasha
  3644 | D:3      | Reached XP level 7. HP: 55/55 MP: 7/7
  3652 | D:3      | Killed Natasha
  3653 | D:3      | Reached skill level 4 in Armour
  3668 | D:3      | Identified the +5 dagger "Trog's Righteous Fury" {pain,
                  | rC++}
  3887 | D:3      | Noticed Natasha
  3900 | D:3      | Killed Natasha
  3919 | D:4      | Found a staircase to the Ecumenical Temple.
  3971 | Temple   | Entered the Ecumenical Temple
  4209 | D:4      | Reached skill level 1 in Throwing
  4456 | D:4      | Found a shimmering blue altar of Sif Muna.
  4489 | D:4      | Reached **** piety under Trog
  4665 | D:5      | Entered Level 5 of the Dungeon
  4665 | D:5      | You fall into a shaft and drop 1 floor!
  4712 | D:5      | Reached skill level 5 in Armour
  4727 | D:5      | Reached skill level 1 in Stealth
  4773 | D:5      | Reached XP level 8. HP: 60/61 MP: 8/8
  4810 | D:5      | Gained mutation: Armour fits poorly on your strangely
                  | shaped body. [potion of mutation]
  4810 | D:5      | Gained mutation: Your natural rate of healing is unusually
                  | fast. [potion of mutation]
  4810 | D:5      | Gained mutation: You are weak. (Str -2) [potion of
                  | mutation]
  4810 | D:5      | Gained mutation: You have hidden genetic potential. [potion
                  | of mutation]
  4958 | D:5      | Slain by a gnoll

Illustrated notes

Levels and vault maps discovered:
D:1:      scummos_arrival_star, layout_basic, dreamdust_ecumenical_altar_grove,
          serial_bayou, serial_bayou_pond_b, serial_bayou_lagoon_b,
          serial_bayou_pond_a, serial_bayou_pond_a, minmay_pentomino_t4
D:2:      layout_rooms
D:3:      lemuel_castle_with_subvaults [lemuel_castle_interior_carwin_3],
          layout_basic, nicolae_uskayaw_dance_hall, dilly_guarded_unrand_morg
D:4:      layout_rooms, lemuel_doored_altar, minmay_temple_entry_large_hall
D:5:      layout_cave_pools
D:6:      layout_cave_pools, makhleb_altar_promises_db, nrook_mini_backslash
Temple:   eino_wide_crystal_templ

Skill      XL: |  1  2  3  4  5  6  7  8 |
---------------+-------------------------+-----
Long Blades    | 3 |  3.6
Dodging        | 2 3 |  3.6
Armour         | 2 3 5 |  5.7
Short Blades   | 1 2 3 |  3.7
Fighting       | 4 |  4.8
Throwing       | 1 2 |  2.2
Stealth        | 1 |  1.1
Axes           | |  0.5
Evocations     | |  0.1

Action                     |  1- 3 |  4- 6 |  7- 9 || total
---------------------------+-------+-------+-------++-------
  Melee: Falchion          |    88 |       |       ||    88
         Punch             |     2 |     1 |     3 ||     6
         Short sword       |    41 |       |       ||    41
         Headbutt          |    15 |    39 |    19 ||    73
         Dagger            |     7 |   188 |    81 ||   276
         Hand axe          |       |       |    40 ||    40
  Throw: Stone             |    11 |       |       ||    11
         Boomerang         |     2 |     4 |    10 ||    16
         Dart              |     2 |       |       ||     2
 Invoke: Berserk           |     1 |       |       ||     1
  Evoke: Wand              |       |       |     2 ||     2
    Use: Scroll            |     6 |       |     5 ||    11
         Potion            |       |     1 |     4 ||     5
   Stab: Paralysed         |       |       |     1 ||     1
 Armour: Animal skin       |     7 |       |       ||     7
         Ring mail         |    13 |    39 |    36 ||    88
  Dodge: Dodged            |    62 |   104 |   111 ||   277
